 Dungeon Crawl Stone Soup version 0.29.1-12-g30fa7ad0bf (webtiles) character file.

Game seed: 8677638339751079259

24933 raph the Arsonist (level 12, -3/68 HPs)
             Began as a Deep Elf Fire Elementalist on Jan 1, 2023.
             Was an Elder of Vehumet.
             Drowned by a quicksilver ooze (9 damage)
             ... in a Gauntlet.
             The game lasted 00:30:33 (17383 turns).

raph the Arsonist (Deep Elf Fire Elementalist)     Turns: 17383, Time: 00:30:34

Health: -3/68      AC: 16    Str:  5    XL:     12   Next: 85%
Magic:  3/29       EV: 17    Int: 26    God:    Vehumet [****..]
Gold:   651        SH:  0    Dex: 11    Spells: 1/34 levels left

rFire   + . .      SeeInvis .   a - staff of conjuration
rCold   + . .      Faith    .   (no shield)
rNeg    + . .      Spirit   .   t - +2 leather armour {rN+}
rPois   .          Reflect  .   z - +1 helmet
rElec   .          Harm     .   s - +2 cloak
rCorr   +          Rampage  .   C - +2 pair of gloves {Stlth+}
Will    +....      NoTele   +   w - +1 pair of boots
Stlth   ++........              (no amulet)
HPRegen 0.21/turn               o - +4 ring of evasion
MPRegen 0.21/turn               g - ring "Qunkagh" {Fly rF+ rC+ rCorr Dex-4}

@: confused, ambrosia-drunk, engulfed (cannot breathe), flying, studying Air
Magic
A: no striking features
a: Renounce Religion


You were in a Gauntlet.
You worshipped Vehumet.
Vehumet was greatly pleased with you.
You visited 2 branches of the dungeon, and saw 12 of its levels.
You also visited: Bailey and Gauntlet.

You collected 826 gold pieces.
You spent 175 gold pieces at shops.

Inventory:

Hand Weapons
 b - the +8 autumn katana {vorpal, manifold assault}
   (You found it on level 7 of the Dungeon)

   It sometimes launches melee attacks against multiple visible enemies.
 c - a +0 shortbow
 d - a +0 dagger
 f - a +0 quarterstaff
 m - a +3 dagger
 v - the +8 glaive of Evisceration {drain, rC+ Str+3}
   (You found it on level 7 of the Dungeon)

   A truly terrible weapon, it drains the life of any living foe it strikes.
   Str:       It affects your strength (+3).
   rC:        It protects you from cold.
Armour
 s - a +2 cloak (worn)
 t - a +2 leather armour of positive energy (worn)
 w - a +1 pair of boots (worn)
 z - a +1 helmet (worn)
 C - a +2 pair of gloves of stealth (worn)
 H - +0 steam dragon scales
Magical Staves
 a - a staff of conjuration (weapon)
Jewellery
 g - the ring "Qunkagh" (right hand) {Fly rF+ rC+ rCorr Dex-4}
   (You acquired it on level 1 of the Dungeon)

   [ring of flight]

   Dex:       It affects your dexterity (-4).
   rF:        It protects you from fire.
   rC:        It protects you from cold.
   Fly:       It grants you flight.
   rCorr:     It protects you from acid and corrosion.
 o - a +4 ring of evasion (left hand)
 r - a ring of protection from fire
 A - a ring of magical power
 O - a ring of ice
Wands
 p - a wand of charming (15)
 y - a wand of quicksilver (5)
 F - a wand of roots (17)
 I - a wand of digging (3)
 L - a wand of flame (13)
Scrolls
 h - 2 scrolls of teleportation
 i - 5 scrolls of amnesia
 J - 4 scrolls of identify
 N - 2 scrolls of poison
Potions
 e - 8 potions of curing
 j - a potion of cancellation
 k - 2 potions of heal wounds
 l - 3 potions of mutation
 n - 2 potions of flight
 q - 2 potions of degeneration
 u - a potion of brilliance
 x - 2 potions of resistance
 B - 2 potions of attraction
 G - 2 potions of lignification
 K - a potion of might
Miscellaneous
 D - a phantom mirror (inert)
 E - a box of beasts


   Skills:
 - Level 5.0 Fighting
 - Level 5.0 Armour
 - Level 7.8 Dodging
 - Level 2.4 Stealth
 - Level 11.5 Spellcasting
 + Level 10.9 Conjurations
 - Level 8.2 Hexes
 - Level 1.7 Summonings
 - Level 11.9 Fire Magic


You had one spell level left.
You knew the following spells:

 Your Spells              Type           Power      Damage    Failure   Level
a - Foxfire               Conj/Fire      100%       2x1d9     1%          1
b - Scorch                Fire           100%       2d10      1%          2
c - Conjure Flame         Conj/Fire      84%        6-21      1%          3
d - Inner Flame           Hex/Fire       61%        N/A       1%          3
e - Flame Wave            Conj/Fire      84%        2d18      1%          4
f - Ignite Poison         Fire/Tmut/Pois 35%        N/A       1%          3
g - Summon Guardian Gole  Hex/Summ       41%        N/A       2%          3
h - Mephitic Cloud        Conj/Pois/Air  50%        N/A       1%          3
i - Iskenderun's Mystic   Conj/Tloc      60%        2d13      1%          4
j - Orb of Destruction    Conj           41%        9d11      16%         7

Your spell library contained the following spells:

 Spells                   Type           Power      Damage    Failure   Level
 Freeze                   Ice            56%        1d7       1%          1
 Magic Dart               Conj           100%       1d8       1%          1
 Summon Small Mammal      Summ           92%        N/A       3%          1
 Apportation              Tloc           28%        N/A       6%          1
 Beastly Appendage        Tmut           28%        N/A       6%          1
 Searing Ray              Conj           100%       2d8       1%          2
 Fulminant Prism          Conj/Hex       38%        3d18      1%          4
 Call Canine Familiar     Summ           23%        N/A       9%          3
 Wereblood                Tmut           14%        N/A       10%         2
 Spider Form              Tmut/Pois      14%        N/A       19%         3
 Summon Mana Viper        Hex/Summ       41%        N/A       22%         5
 Corpse Rot               Necr/Pois/Air  14%        N/A       52%         4
 Dispel Undead            Necr           14%        3d10      52%         4
 Spellforged Servitor     Conj/Summ      32%        N/A       65%         7
 Summon Forest            Summ/Tloc      9%         N/A       77%         5
 Alistair's Intoxication  Tmut/Pois      9%         N/A       86%         5
 Summon Cactus Giant      Summ           11%        N/A       99%         6
 Death Channel            Necr           7%         N/A       100%        6


Dungeon Overview and Level Annotations

Branches:
Dungeon (11/15)            Temple (1/1) D:4             Orc (0/2) D:10
 Bailey (visited)         Gauntlet (1/1)
   Lair: D:8-11

Altars:
Ashenzari
Cheibriados
Dithmenos
Elyvilon
Fedhas
Gozag
Hepliaklqana
Kikubaaqudgha
Makhleb
Nemelex Xobeh
Okawaru
Qazlal
Ru
Sif Muna
Trog
Uskayaw
Vehumet
Wu Jian
Xom
Yredelemnul
Zin
The Shining One
Lugonu

Shops:
D:1 ?   D:5 =   D:6 :   D:7 =

Portals:
Abyss: D:3

Annotations:
D:4 2 transporters, TowerOfEmptiness's ghost, amateur MiFi Gauntlet 11 transporters, exclusion: orange crystal statue


Message History

The mirror clouds!
Your lungs strain for air!
Your quicksilver ooze hits the quicksilver ooze. x2
The quicksilver ooze hits you!
* * * LOW HITPOINT WARNING * * *
The quicksilver ooze hits you.
* * * LOW HITPOINT WARNING * * *
Your quicksilver ooze hits the quicksilver ooze!
Your quicksilver ooze hits the quicksilver ooze.
The quicksilver ooze hits you.
* * * LOW HITPOINT WARNING * * *
The quicksilver ooze hits you.
* * * LOW HITPOINT WARNING * * *
You feel much better.
Your lungs strain for air!
Your quicksilver ooze misses the quicksilver ooze.
Your quicksilver ooze hits the quicksilver ooze but does no damage.
The quicksilver ooze closely misses you.
The quicksilver ooze completely misses you.
You cannot cast spells while unable to breathe!
You miss the quicksilver ooze.
The quicksilver ooze is heavily wounded.
* * * LOW HITPOINT WARNING * * *
Your lungs strain for air!
Your quicksilver ooze barely misses the quicksilver ooze.
Your quicksilver ooze hits the quicksilver ooze!
The quicksilver ooze closely misses you.
The quicksilver ooze completely misses you.
Your quicksilver ooze closely misses the quicksilver ooze.
Your quicksilver ooze hits the quicksilver ooze.
The quicksilver ooze misses you. The quicksilver ooze hits you!
* * * LOW HITPOINT WARNING * * *
You feel your power leaking away.
Okay, then.
Press: ? - help, v - describe, . - travel
Here: a quicksilver ooze (severely wounded, ally target)
The floor.
You are confused.
You feel invigorated.
You die...

#######
################≈#≈#≈#
##≈#§#≈#§#§#≈#≈#.......
#≈.......§§........∩..8
##.8.....8.....8......©
#≈.......©.......######
##...#########...#h...#
#≈...#@JJ#...#...#...#.
##...###9#.#.#...#.^#P©
#≈...#...#.#.#...#.#..#
##.8.#.###.#.#.8.##..#.
#§...#.#...#=#...#..#.^
##...#'#.###[#...#^#P.#
#≈...#...#©.=#...##..#.
##...#########...#".#.©
#≈.....#.©.#.....######


You could see a quicksilver ooze (ally target), a friendly quicksilver ooze
(summoned, sheltered, drained) and a friendly guardian golem (summoned).

Vanquished Creatures
  Fannar (D:10)
  A hydra (D:7)
  A cyclops (D:7)
  Maggie (D:8)
  A gargoyle (D:7)
  3 kobold demonologists (D:10)
  An unseen horror (D:8)
  A komodo dragon (D:7)
  2 trolls
  2 slime creatures (D:7)
  A wraith (D:9)
  2 wyverns
  19 yaks
  Grum (D:8)
  2 steam dragons
  A vampire mosquito (D:7)
  Duvessa (D:7)
  4 water moccasins
  A black bear (D:7)
  18 orc warriors
  A sky beast (D:7)
  4 ogres
  3 wolves (D:8)
  16 centaurs
  3 kobold brigands
  Blork the orc (D:6)
  A phantom (D:5)
  2 bullfrogs
  4 scorpions
  5 wights
  Dowan (D:7)
  5 howler monkeys
  Crazy Yiuf (D:7)
  7 orc priests
  3 jellies
  8 orc wizards
  3 gnoll boudas
  Natasha (twice) (D:2)
  2 iguanas
  13 gnolls
  3 adders
  2 shadow imps (D:8)
  A white imp (D:7)
  An ufetubus (D:6)
  3 worms
  5 dart slugs
  57 orcs
  6 bats
  8 endoplasms
  4 giant cockroaches
  10 hobgoblins
  4 jackals (D:2)
  25 kobolds
  A quokka (D:1)
  7 ball pythons
  4 frilled lizards
  15 goblins
  4 rats
309 creatures vanquished.

Vanquished Creatures (collateral kills)
  5 foxfires (D:1)
5 creatures vanquished.

Vanquished Creatures (others)
  11 demonic plants (Gauntlet)
  791 foxfires
  A lurking horror (D:3)
  A plant (D:1)
804 creatures vanquished.

Grand Total: 1118 creatures vanquished

Notes
Turn   | Place    | Note
-------+----------+-------------------------------------------
     0 | D:1      | raph the Deep Elf Fire Elementalist began the quest for the
                  | Orb.
     0 | D:1      | Reached XP level 1. HP: 10/10 MP: 6/6
   213 | D:1      | Reached XP level 2. HP: 15/15 MP: 5/8
   302 | D:1      | Found a faded altar of an unknown god.
   310 | D:1      | Got Plato's Encyclopedia of the Silversmith
   486 | D:1      | Learned a level 2 spell: Scorch
   780 | D:1      | Reached XP level 3. HP: 19/19 MP: 2/9
   969 | D:1      | Learned a level 3 spell: Conjure Flame
   969 | D:1      | Found Bajipuix's Magic Scroll Shoppe.
  1573 | D:2      | Reached skill level 5 in Fire Magic
  2222 | D:2      | Noticed Natasha
  2228 | D:2      | Killed Natasha
  2229 | D:2      | Reached XP level 4. HP: 24/24 MP: 3/10
  2515 | D:2      | Noticed Natasha
  2519 | D:2      | Killed Natasha
  2660 | D:1      | Bought a scroll of identify for 28 gold pieces
  2665 | D:1      | Identified a scroll of acquirement
  2665 | D:1      | Acquired the ring "Qunkagh" {Fly rF+ rC+ rCorr Dex-4}
  2669 | D:1      | Bought a scroll of teleportation for 42 gold pieces
  3129 | D:3      | Reached XP level 5. HP: 25/28 MP: 6/11
  3505 | D:3      | Learned a level 3 spell: Inner Flame
  3917 | D:3      | Found a one-way gate to the infinite horrors of the Abyss.
  3918 | D:3      | Found a corrupted altar of Lugonu.
  4316 | D:1      | Bought a scroll of enchant armour for 105 gold pieces
  4465 | D:4      | Found a transporter.
  4465 | D:4      | Noticed TowerOfEmptiness's ghost (amateur MiFi)
  4548 | D:4      | Reached skill level 1 in Hexes
  4867 | D:4      | Found a staircase to the Ecumenical Temple.
  4935 | Temple   | Entered the Ecumenical Temple
  4935 | Temple   | Found a transporter.
  4935 | Temple   | Found a transporter.
  4937 | Temple   | Found a transporter.
  4937 | Temple   | Found a transporter.
  4964 | Temple   | Became a worshipper of Vehumet
  5044 | D:4      | Found a transporter.
  5498 | D:5      | Entered Level 5 of the Dungeon
  5536 | D:5      | Noticed a centaur
  5542 | D:5      | Killed a centaur
  5543 | D:5      | Reached XP level 6. HP: 23/33 MP: 5/13
  5954 | D:5      | Reached skill level 1 in Fighting
  5954 | D:5      | Reached skill level 1 in Armour
  5954 | D:5      | Reached XP level 7. HP: 38/38 MP: 10/15
  6040 | D:5      | Found Asoid's Jewellery Shop.
  6152 | D:5      | Learned a level 4 spell: Flame Wave
  6834 | D:6      | Found Xuwinn's Self-Improvement Boutique.
  6834 | D:6      | Noticed a yak
  6834 | D:6      | Noticed a yak
  6834 | D:6      | Noticed a yak
  6836 | D:6      | Noticed a yak
  6839 | D:6      | Killed a yak
  6840 | D:6      | Reached skill level 5 in Spellcasting
  6840 | D:6      | Reached XP level 8. HP: 31/44 MP: 9/17
  7074 | D:6      | Found a broken altar of Ashenzari.
  7076 | D:6      | Found a bloodstained altar of Trog.
  7076 | D:6      | Found a shimmering blue altar of Sif Muna.
  7077 | D:6      | Found a white marble altar of Elyvilon.
  7078 | D:6      | Found a shimmering altar of Xom.
  7079 | D:6      | Found an ancient bone altar of Kikubaaqudgha.
  7220 | D:6      | Noticed Blork the orc
  7239 | D:6      | Killed Blork the orc
  7705 | D:6      | Reached * piety under Vehumet
  7705 | D:6      | Offered knowledge of Magic Dart by Vehumet.
  7706 | D:6      | Reached skill level 5 in Dodging
  7894 | D:7      | Noticed Duvessa
  7896 | D:7      | Reached skill level 5 in Hexes
  7897 | D:7      | Noticed Dowan
  7971 | D:7      | Found Laplosch's Jewellery Emporium.
  7994 | D:7      | Noticed a komodo dragon
  8155 | D:7      | Reached XP level 9. HP: 49/49 MP: 15/20
  8500 | D:7      | Noticed a cyclops
  8501 | D:7      | Noticed a six-headed hydra
  8672 | D:7      | Killed a komodo dragon
  9022 | D:7      | Reached skill level 10 in Fire Magic
  9105 | D:7      | Killed a six-headed hydra
  9118 | D:7      | Reached XP level 10. HP: 15/56 MP: 1/23
  9171 | D:7      | Killed Duvessa
  9171 | D:7      | Offered knowledge of Shock by Vehumet.
  9171 | D:7      | Noticed a gargoyle
  9176 | D:7      | Killed Dowan
  9177 | D:7      | Reached ** piety under Vehumet
  9180 | D:7      | Killed a gargoyle
  9587 | D:7      | Found the +8 autumn katana {vorpal, manifold assault}
  9590 | D:7      | Identified the +8 glaive of Evisceration {drain, rC+ Str+3}
  9601 | D:7      | Identified the +1 plate armour of the Kraken {Int+3}
  9636 | D:7      | Found a runed translucent door.
  9637 | D:7      | Noticed Crazy Yiuf
 10290 | D:7      | Killed a cyclops
 10899 | D:7      | Killed Crazy Yiuf
 11940 | D:8      | Noticed Grum
 11949 | D:8      | Killed Grum
 11960 | D:8      | Noticed Maggie
 12045 | D:8      | Killed Maggie
 12045 | D:8      | Offered knowledge of Ignite Poison by Vehumet.
 12050 | D:8      | Learned a level 3 spell: Ignite Poison
 12192 | D:8      | Learned a level 3 spell: Summon Guardian Golem
 12215 | D:8      | Found a stormy altar of Qazlal.
 12954 | D:9      | Reached XP level 11. HP: 58/62 MP: 18/25
 12954 | D:9      | Reached *** piety under Vehumet
 13157 | D:9      | Found a burning altar of Makhleb.
 13179 | D:9      | Reached skill level 1 in Summonings
 13475 | D:9      | Reached skill level 5 in Fighting
 13475 | D:9      | Reached skill level 5 in Armour
 14435 | D:10     | Entered Level 10 of the Dungeon
 14634 | D:10     | Offered knowledge of Mephitic Cloud by Vehumet.
 14639 | D:10     | Learned a level 3 spell: Mephitic Cloud
 14708 | D:10     | Reached skill level 5 in Conjurations
 14756 | D:10     | Found a flagged portal.
 14772 | Bailey   | Entered a bailey
 15083 | Bailey   | Reached **** piety under Vehumet
 15371 | Bailey   | Offered knowledge of Iskenderun's Mystic Blast by Vehumet.
 15378 | Bailey   | Learned a level 4 spell: Iskenderun's Mystic Blast
 16324 | Bailey   | Reached skill level 10 in Conjurations
 16324 | Bailey   | Reached XP level 12. HP: 68/68 MP: 17/29
 16333 | Bailey   | Learned a level 7 spell: Orb of Destruction
 16504 | D:10     | Noticed Fannar
 16515 | D:10     | Killed Fannar
 16680 | D:10     | Found a staircase to the Orcish Mines.
 16734 | D:10     | Found a sparkling altar of Nemelex Xobeh.
 17155 | D:11     | Found a gate leading to a gauntlet.
 17169 | Gauntlet | Entered a Gauntlet
 17169 | Gauntlet | Found a transporter.
 17178 | Gauntlet | Found a transporter.
 17190 | Gauntlet | Noticed a quicksilver ooze
 17194 | Gauntlet | Found a runed translucent door.
 17199 | Gauntlet | Found a transporter.
 17220 | Gauntlet | Found a transporter.
 17233 | Gauntlet | Found a transporter.
 17247 | Gauntlet | Found a transporter.
 17276 | Gauntlet | Found a transporter.
 17276 | Gauntlet | Found a transporter.
 17281 | Gauntlet | Found a transporter.
 17286 | Gauntlet | Noticed a death scarab
 17289 | Gauntlet | Noticed a death scarab
 17301 | Gauntlet | Noticed a balrug
 17314 | Gauntlet | Found a transporter.
 17314 | Gauntlet | Found a transporter.
 17341 | Gauntlet | Found a transporter.
 17380 | Gauntlet | HP: 2/68 [quicksilver ooze (3)]
 17383 | Gauntlet | Drowned by a quicksilver ooze

Illustrated notes

Levels and vault maps discovered:
D:1:      amcnicky_arrival_underground_garden, layout_rooms,
          shapermc_ecumenical_altar_rom_forum, serial_shops,
          nicolae_diamond_shop, serial_bayou_lagoon_a,
          hangedman_abyss_or_decor_stabs, minmay_misc_feat_alley
D:2:      layout_basic, uniq_natasha
D:3:      layout_loops_cross, amcnicky_altar_lugonu_corruption
D:4:      layout_basic, minmay_temple_entry_statues, gammafunk_ghost_arena
D:5:      layout_cave_pools, serial_shops, nicolae_shop_trees
D:6:      layout_loops_cross, grunt_temple_overflow_open, minivault_4,
          corexii_item_surrounded_by_moat, minmay_misc_feat_encased,
          nicolae_shop_self_help, uniq_blork_the_orc
D:7:      minmay_the_grid_octo_triangle [minmay_the_grid_octo_clover,
          minmay_the_grid_octo_prize_star, minmay_the_grid_octo_77],
          layout_cave_pools, serial_shops, nicolae_shop_window_shopping,
          dreamdust_princess_corridor, small_statue_intersection,
          kennysheep_generic_room_16, uniq_duvessa, uniq_crazy_yiuf_cottage
D:8:      layout_rooms, kennysheep_mini_moat, minivault_10, uniq_grum,
          uniq_maggie
D:9:      hellmonk_ruined_rings, layout_layer_cave,
          mainiacjoe_overflow_concentric_impassable
D:10:     layout_stronghold, nicolae_overflow_hidden_temple, orc_0_dummy,
          enter_bailey_5, uniq_fannar
D:11:     layout_cave_pools, david_lair_shrubbed, gauntlet_entry_generic
Temple:   hellmonk_temple_divided_pantheon
Gauntlet: minmay_gauntlet_mixed_oops_all_seconds [minmay_gauntlet_arena_77_box,
          gammafunk_gauntlet_arena_arrow_garden, minmay_gauntlet_arena_77_path,
          gammafunk_gauntlet_arena_open, minmay_gauntlet_arena_77_fan,
          nicolae_gauntlet_arena_quarters, gauntlet_exit_hidden_loot]

Skill      XL: |  1  2  3  4  5  6  7  8  9 10 11 |
---------------+----------------------------------+-----
Fire Magic     | 4 5 6 7 8 9 10 11 | 11.9
Hexes          | 1 2 3 5 6 8 |  8.2
Spellcasting   | 4 5 6 7 8 11 | 11.5
Fighting       | 1 2 3 4 5 |  5.0
Armour         | 1 2 3 4 5 |  5.0
Dodging        | 3 4 5 6 7 |  7.8
Summonings     | 1 |  1.7
Conjurations   | 10 | 10.9
Stealth        | |  2.4

Action                   |  1- 3 |  4- 6 |  7- 9 | 10-12 || total
-------------------------+-------+-------+-------+-------++-------
Melee: Dagger            |     6 |     5 |       |       ||    11
       Quarterstaff      |     1 |       |       |       ||     1
       Staff             |       |     1 |     1 |     4 ||     6
 Cast: Foxfire           |    72 |    64 |    97 |   218 ||   451
       Scorch            |    18 |    27 |    25 |   119 ||   189
       Inner Flame       |       |     2 |     9 |     9 ||    20
       Flame Wave        |       |       |     9 |    32 ||    41
       Conjure Flame     |       |       |     2 |     5 ||     7
       Summon Guardian G |       |       |       |     3 ||     3
       Mephitic Cloud    |       |       |       |     1 ||     1
Evoke: Wand              |       |       |     1 |     1 ||     2
       Phantom mirror    |       |       |       |     1 ||     1
  Use: Scroll            |       |    18 |     4 |     9 ||    31
       Potion            |       |       |       |     9 ||     9
Armor: Robe              |     1 |     2 |       |       ||     3
       Leather armour    |       |     4 |     6 |    55 ||    65
Dodge: Dodged            |    16 |    37 |    16 |   134 ||   203
